BR (22 & UNDER)
GILBERT FIRE FIGHTERS @ SANTA ANNA DUKES
08/27/2029
 
TOP OF THE 1ST
Gilbert Fire Fighters batting - Pitching for Santa Anna Dukes : RHP Nelson Dixon
Pitching: RHP Nelson Dixon
Batting: RHB Raúl Ottoboni 0-0: Called Strike
0-1: Swinging Strike
0-2: Single, Error in OF, E7, batter to second base
Batting: RHB Juan González 0-0: Ground out U3 (Groundball, 34)
Raúl Ottoboni to third
Batting: RHB Zachary Gadsden 0-0: Ground out 5-3 (Groundball, 56)
Raúl Ottoboni scores
Batting: RHB Travis Mchugh 0-0: Called Strike
0-1: Called Strike
0-2: Strikes out swinging
Top of the 1st over - 1 run, 1 hit, 1 error, 0 left on base; Gilbert 1 - Santa Anna 0
BOTTOM OF THE 1ST
Santa Anna Dukes batting - Pitching for Gilbert Fire Fighters : LHP Eduardo López
Pitching: LHP Eduardo López
Batting: LHB Luis García 0-0: SINGLE (Groundball, 6MD)
Batting: RHB Eric Hillman 0-0: Fly out, F7 (Flyball, 7LM)
Batting: RHB Amdre Casse 0-0: Ball
1-0: Ball
2-0: Foul Ball, location: 2F
2-1: Ball
3-1: Grounds into double play, 6-4-3 (Groundball, 6)
Bottom of the 1st over - 0 runs, 1 hit, 0 errors, 0 left on base; Gilbert 1 - Santa Anna 0
TOP OF THE 2ND
Gilbert Fire Fighters batting - Pitching for Santa Anna Dukes : RHP Nelson Dixon
Batting: RHB Carlos Canales 0-0: Called Strike
0-1: Ball
1-1: Foul Ball, location: 2F
1-2: Ball
2-2: Foul Ball, location: 2F
2-2: SINGLE (Groundball, 34) (infield hit)
Batting: LHB Joe Kent 0-0: Ball
1-0: Fly out, F8 (Flyball, 89D)
Batting: SHB Germán Roseima 0-0: Ball
Carlos Canales is caught stealing 2nd base
1-0: Foul Ball, location: 2F
1-1: Called Strike
1-2: Foul Ball, location: 2F
1-2: Foul Ball, location: 2F
1-2: Foul Ball, location: 2F
1-2: Strikes out looking
Top of the 2nd over - 0 runs, 1 hit, 0 errors, 0 left on base; Gilbert 1 - Santa Anna 0
BOTTOM OF THE 2ND
Santa Anna Dukes batting - Pitching for Gilbert Fire Fighters : LHP Eduardo López
Batting: LHB Iván Soriano 0-0: Ball
1-0: Ground out 4-3 (Groundball, 4)
Batting: RHB Andrés Pérez 0-0: Ball
1-0: Called Strike
1-1: SINGLE (Groundball, 56D)
Batting: LHB Luis Miguel Martínez 0-0: Ball
1-0: Ball
2-0: Called Strike
2-1: Called Strike
2-2: Foul Ball, location: 2F
2-2: Strikes out swinging
Batting: RHB Terry Griffin 0-0: Ball
1-0: Swinging Strike
1-1: Foul Ball, location: 2F
1-2: Ball
2-2: Foul Ball, location: 2F
2-2: Strikes out swinging
Bottom of the 2nd over - 0 runs, 1 hit, 0 errors, 1 left on base; Gilbert 1 - Santa Anna 0
TOP OF THE 3RD
Gilbert Fire Fighters batting - Pitching for Santa Anna Dukes : RHP Nelson Dixon
Batting: LHB Bill Handy 0-0: Ball
1-0: Called Strike
1-1: Ball
2-1: SINGLE (Groundball, 3D)
Batting: LHB Matt Moore 0-0: Ball
1-0: Foul Ball, location: 2F
1-1: Ball
2-1: SINGLE (Groundball, 3) (infield hit)
Bill Handy to second
Batting: RHB Raúl Ottoboni 0-0: Ball
1-0: Called Strike
1-1: Ball
2-1: Ball
3-1: Foul Ball, location: 2F
3-2: Foul Ball, location: 2F
3-2: Grounds into double play, 6-4-3 (Groundball, 6)
Bill Handy to third
Batting: RHB Juan González 0-0: Called Strike
0-1: Swinging Strike
0-2: Ball
1-2: Foul Ball, location: 2F
1-2: Ground out U3 (Groundball, 34)
Top of the 3rd over - 0 runs, 2 hits, 0 errors, 1 left on base; Gilbert 1 - Santa Anna 0
BOTTOM OF THE 3RD
Santa Anna Dukes batting - Pitching for Gilbert Fire Fighters : LHP Eduardo López
Batting: RHB Lance Fullerton 0-0: Ball
1-0: SINGLE (Groundball, 34D)
Batting: RHB Bob Vaughn 0-0: Ball
1-0: Foul Ball, location: 2F
1-1: Ground out U3 (Groundball, 34)
Lance Fullerton to second
Batting: LHB Luis García 0-0: Called Strike
0-1: Ball
1-1: Ball
2-1: Foul Ball, location: 2F
2-2: Ground out U3 (Groundball, 3)
Lance Fullerton to third
Batting: RHB Eric Hillman 0-0: Ball
1-0: Called Strike
1-1: SINGLE (Line Drive, 8LS)
Lance Fullerton scores
Batting: RHB Amdre Casse 0-0: Fly out, F7 (Flyball, 7LS)
Bottom of the 3rd over - 1 run, 2 hits, 0 errors, 1 left on base; Gilbert 1 - Santa Anna 1
TOP OF THE 4TH
Gilbert Fire Fighters batting - Pitching for Santa Anna Dukes : RHP Nelson Dixon
Batting: RHB Zachary Gadsden 0-0: Ball
1-0: Ball
2-0: Called Strike
2-1: Swinging Strike
2-2: Strikes out looking
Batting: RHB Travis Mchugh 0-0: Ground out U3 (Groundball, 34)
Batting: RHB Carlos Canales 0-0: Ball
1-0: Called Strike
1-1: Ball
2-1: Foul Ball, location: 2F
2-2: Strikes out swinging
Top of the 4th over - 0 runs, 0 hits, 0 errors, 0 left on base; Gilbert 1 - Santa Anna 1
BOTTOM OF THE 4TH
Santa Anna Dukes batting - Pitching for Gilbert Fire Fighters : LHP Eduardo López
Batting: LHB Iván Soriano 0-0: Called Strike
0-1: Fly out, F9 (Flyball, 89S)
Batting: RHB Andrés Pérez 0-0: Ball
1-0: Ball
2-0: SINGLE (Line Drive, 56D)
Batting: LHB Luis Miguel Martínez 0-0: Ball
1-0: SINGLE (Line Drive, 89S)
Andrés Pérez to second
Batting: RHB Terry Griffin 0-0: Foul Ball, location: 2F
0-1: Ball
1-1: Grounds into double play, 3-6-3 (Groundball, 34)
Bottom of the 4th over - 0 runs, 2 hits, 0 errors, 1 left on base; Gilbert 1 - Santa Anna 1
TOP OF THE 5TH
Gilbert Fire Fighters batting - Pitching for Santa Anna Dukes : RHP Nelson Dixon
Batting: LHB Joe Kent 0-0: Called Strike
0-1: Called Strike
0-2: Foul Ball, location: 2F
0-2: SINGLE (Groundball, 3D)
Batting: SHB Germán Roseima 0-0: Foul Ball, location: 2F
0-1: Swinging Strike
0-2: Ball
1-2: Ball
2-2: Foul Ball, location: 2F
2-2: Ball
3-2: Strikes out swinging
Batting: LHB Bill Handy 0-0: Ball
1-0: Fly out, F9 (Flyball, 9S)
Batting: LHB Matt Moore 0-0: Called Strike
0-1: Called Strike
0-2: Ball
Joe Kent steals 2nd base
1-2: Ball
2-2: DOUBLE (Line Drive, 9D)
Joe Kent scores
Batting: RHB Raúl Ottoboni 0-0: Ball
1-0: Swinging Strike
1-1: Foul Ball, location: 2F
1-2: Fly out, F8 (Flyball, 8LD)
Top of the 5th over - 1 run, 2 hits, 0 errors, 1 left on base; Gilbert 2 - Santa Anna 1
BOTTOM OF THE 5TH
Santa Anna Dukes batting - Pitching for Gilbert Fire Fighters : LHP Eduardo López
Batting: RHB Lance Fullerton 0-0: Ball
1-0: Ball
2-0: Swinging Strike
2-1: Fly out, F9 (Flyball, 9S)
Batting: RHB Bob Vaughn 0-0: Called Strike
0-1: Called Strike
0-2: Foul Ball, location: 2F
0-2: Ball
1-2: Fly out, F9 (Flyball, 9)
Batting: LHB Luis García 0-0: Ball
1-0: Swinging Strike
1-1: Swinging Strike
1-2: Ball
2-2: Strikes out looking
Bottom of the 5th over - 0 runs, 0 hits, 0 errors, 0 left on base; Gilbert 2 - Santa Anna 1
TOP OF THE 6TH
Gilbert Fire Fighters batting - Pitching for Santa Anna Dukes : RHP Nelson Dixon
Batting: RHB Juan González 0-0: Called Strike
0-1: Called Strike
0-2: Foul Ball, location: 2F
0-2: Ball
1-2: Strikes out swinging
Batting: RHB Zachary Gadsden 0-0: Foul Ball, location: 2F
0-1: Ball
1-1: Foul Ball, location: 2F
1-2: Ball
2-2: Ball
3-2: Foul Ball, location: 2F
3-2: Ground out 6-3 (Groundball, 6)
Batting: RHB Travis Mchugh 0-0: Fly out, F6 (Popup, P)
Top of the 6th over - 0 runs, 0 hits, 0 errors, 0 left on base; Gilbert 2 - Santa Anna 1
BOTTOM OF THE 6TH
Santa Anna Dukes batting - Pitching for Gilbert Fire Fighters : LHP Eduardo López
Batting: RHB Eric Hillman 0-0: Ball
1-0: Ball
2-0: SINGLE (Groundball, 4D)
Batting: RHB Amdre Casse 0-0: Grounds into double play, 6-4-3 (Groundball, 6)
Batting: LHB Iván Soriano 0-0: Foul Ball, location: 2F
0-1: Ball
1-1: Foul Ball, location: 2F
1-2: Ball
2-2: Ball
3-2: SOLO HOME RUN (Flyball, 89XD), Distance : 439 ft
Batting: RHB Andrés Pérez 0-0: Called Strike
0-1: Ball
1-1: Ball
2-1: Ground out 5-3 (Groundball, 56S)
Bottom of the 6th over - 1 run, 2 hits, 0 errors, 0 left on base; Gilbert 2 - Santa Anna 2
TOP OF THE 7TH
Gilbert Fire Fighters batting - Pitching for Santa Anna Dukes : RHP Nelson Dixon
Pinch Hitting: LHB Mark Sanders 0-0: Ball
1-0: Swinging Strike
1-1: Foul Ball, location: 2F
1-2: Foul Ball, location: 2F
1-2: Foul Ball, location: 2F
1-2: Strikes out swinging
Batting: LHB Joe Kent 0-0: Ball
1-0: Ball
2-0: Called Strike
2-1: Foul Ball, location: 2F
2-2: Foul Ball, location: 2F
2-2: Foul Ball, location: 2F
2-2: Foul Ball, location: 2F
2-2: Strikes out swinging
Pinch Hitting: SHB José Salazar 0-0: SINGLE (Line Drive, 78S)
Pitching: LHP Mark Harper
Batting: LHB Bill Handy 0-0: Foul Ball, location: 2F
0-1: Ball
1-1: Ball
Passed Ball!
José Salazar to second
2-1: Swinging Strike
2-2: Strikes out swinging
Top of the 7th over - 0 runs, 1 hit, 0 errors, 1 left on base; Gilbert 2 - Santa Anna 2
BOTTOM OF THE 7TH
Santa Anna Dukes batting - Pitching for Gilbert Fire Fighters : LHP Eduardo López
Now at SS: Mark Sanders
Now in CF: José Salazar
Pinch Hitting: SHB Kel Davis 0-0: Ball
1-0: Fly out, F8 (Line Drive, 8LS)
Pinch Hitting: RHB Ed Jackson 0-0: Called Strike
0-1: Ball
1-1: Foul Ball, location: 2F
1-2: Fly out, F6 (Popup, 6MS)
Batting: RHB Lance Fullerton 0-0: Ball
1-0: Called Strike
1-1: Ball
2-1: Ball
3-1: Base on Balls
Batting: RHB Bob Vaughn 0-0: Ball
1-0: Fly out, F8 (Flyball, 8LS)
Bottom of the 7th over - 0 runs, 0 hits, 0 errors, 1 left on base; Gilbert 2 - Santa Anna 2
TOP OF THE 8TH
Gilbert Fire Fighters batting - Pitching for Santa Anna Dukes : LHP Mark Harper
Now at SS: Kel Davis
Now in RF: Julián García
Pinch Hitting: LHB Kyle Robbins 0-0: Ball
1-0: Ball
2-0: Foul Ball, location: 2F
2-1: Ball
3-1: Foul Ball, location: 2F
3-2: Base on Balls
Batting: RHB Raúl Ottoboni 0-0: Called Strike
0-1: Fly out, F7 (Flyball, 7S)
Batting: RHB Juan González 0-0: Ball
1-0: Ball
2-0: Called Strike
2-1: Hit by Pitch
Kyle Robbins to second
Batting: RHB Zachary Gadsden 0-0: Called Strike
0-1: Ball
1-1: Ball
2-1: SINGLE (Line Drive, 4MD)
Kyle Robbins to third
Juan González to second
Runner from 3rd tries for Home, SAFE, no throw
Batting: RHB Travis Mchugh 0-0: Foul Ball, location: 2F
0-1: Foul Ball, location: 2F
0-2: Strikes out looking
Batting: LHB Mark Sanders 0-0: Foul Ball, location: 2F
0-1: Foul Ball, location: 2F
0-2: Ball
1-2: Ball
2-2: Foul Ball, location: 2F
2-2: Foul Ball, location: 2F
2-2: Ball
3-2: Ground out 5-3 (Groundball, 5)
Top of the 8th over - 1 run, 1 hit, 0 errors, 2 left on base; Gilbert 3 - Santa Anna 2
BOTTOM OF THE 8TH
Santa Anna Dukes batting - Pitching for Gilbert Fire Fighters : LHP Eduardo López
Pitching: RHP Jorge Álvarez
Now at 1B: Bill Salinas
Batting: LHB Luis García 0-0: Fly out, F1 (Line Drive, 13)
Batting: RHB Eric Hillman 0-0: Ball
1-0: Ball
2-0: Called Strike
2-1: Fly out, F8 (Line Drive, 8LD)
Batting: RHB Amdre Casse 0-0: Foul Ball, location: 2F
0-1: Foul Ball, location: 2F
0-2: Ball
1-2: SOLO HOME RUN (Flyball, 7LD), Distance : 363 ft
Batting: LHB Iván Soriano 0-0: Ball
1-0: Foul Ball, location: 2F
1-1: Ball
2-1: Foul Ball, location: 2F
2-2: Ball
3-2: Fly out, F7 (Flyball, 7D)
Bottom of the 8th over - 1 run, 1 hit, 0 errors, 0 left on base; Gilbert 3 - Santa Anna 3
TOP OF THE 9TH
Gilbert Fire Fighters batting - Pitching for Santa Anna Dukes : LHP Mark Harper
Batting: LHB Joe Kent 0-0: Called Strike
0-1: Foul Ball, location: 2F
0-2: Ball
1-2: Ball
2-2: Strikes out swinging
Batting: SHB José Salazar 0-0: Ball
1-0: SINGLE (Flyball, 9LM)
Batting: LHB Bill Handy 0-0: Called Strike
0-1: Ball
José Salazar steals 2nd base
1-1: Foul Ball, location: 2F
1-2: Strikes out swinging
Batting: RHB Bill Salinas 0-0: Fly out, F8 (Flyball, 8RXD)
Top of the 9th over - 0 runs, 1 hit, 0 errors, 1 left on base; Gilbert 3 - Santa Anna 3
BOTTOM OF THE 9TH
Santa Anna Dukes batting - Pitching for Gilbert Fire Fighters : RHP Jorge Álvarez
Pinch Hitting: LHB Leon Malone 0-0: Called Strike
0-1: DOUBLE (Line Drive, 9LD)
Batting: SHB Kel Davis 0-0: Intentional Walk
Pinch Hitting: RHB Donald Fenner 0-0: Ball
1-0: Called Strike
1-1: Called Strike
1-2: Ball
2-2: Ball
3-2: Fly out, F8 (Flyball, 78M)
Batting: RHB Lance Fullerton 0-0: Ball
1-0: Foul Ball, location: 2F
1-1: Swinging Strike
Balk!
Leon Malone to third
Kel Davis to second
Balk!
Leon Malone scores
Saturday, December 16th, 2017 - OOTP Baseball 18.8 Build 76